 Dungeon Crawl Stone Soup version 0.24-a0-201-gf205589 (webtiles) character file.

Game seed: 1702441464206351828

166 Ivan the Skirmisher (level 5, -8/50 HPs)
             Began as a Minotaur Abyssal Knight on Mar 24, 2019.
             Was a Follower of Lugonu.
             Mangled by an orc
             ... wielding a +1 flail of distortion
              (21 damage)
             ... on level 3 of the Dungeon.
             The game lasted 00:05:41 (1936 turns).

Ivan the Skirmisher (Minotaur Abyssal Knight)       Turns: 1936, Time: 00:05:41

Health: -8/50      AC:  3    Str: 18    XL:     5   Next: 22%
Magic:  14/14      EV: 12    Int: 12    God:    Lugonu [*.....]
Gold:   106        SH:  0    Dex:  9    Spells: 4/4 levels left

rFire    . . .     SeeInvis .   a - +1 mace
rCold    . . .     Gourm    .   (no shield)
rNeg     . . .     Faith    .   b - +0 leather armour
rPois    .         Spirit   .   (helmet restricted)
rElec    .         Reflect  .   (no cloak)
rCorr    .         Harm     .   (no gloves)
MR       .....                  (no boots)
Stlth    +.........             (no amulet)
HPRegen  0.16/turn              l - +3 ring of intelligence
MPRegen  0.14/turn              k - ring of magical power

@: no status effects
A: retaliatory headbutt, horns 2
a: Depart the Abyss, Renounce Religion


You were on level 3 of the Dungeon.
You worshipped Lugonu.
Lugonu was aware of your devotion.
You were not hungry.

You visited 1 branch of the dungeon, and saw 3 of its levels.
You visited the Abyss 1 time.

You collected 106 gold pieces.

Inventory:

Hand Weapons
 a - a +1 mace (weapon)
Armour
 b - a +0 leather armour (worn)
Jewellery
 g - an uncursed ring of stealth
 k - a ring of magical power (right hand)
 l - a +3 ring of intelligence (left hand)
Scrolls
 f - 2 scrolls of fog {unknown}
 h - 2 scrolls of fear {unknown}
 i - a scroll of identify {unknown}
 j - a scroll of enchant weapon {unknown}
 m - a scroll of remove curse {unknown}
Potions
 d - a potion of degeneration {unknown}
 e - a potion of lignification {unknown}
Comestibles
 c - 5 rations
 n - 2 chunks of flesh


   Skills:
 + Level 5.7 Fighting
 + Level 3.9 Maces & Flails
 + Level 3.1 Armour
 + Level 2.0 Dodging
 + Level 1.9 Invocations


You had 4 spell levels left.
You didn't know any spells.
Your spell library was empty.

Dungeon Overview and Level Annotations

Branches:
Dungeon (3/15)

Altars:


Innate Abilities, Weirdness & Mutations

You reflexively headbutt those who attack you in melee.
You have a pair of horns on your head.


Message History

Things that are here:
a +0 leather armour; an orc corpse You closely miss the orc priest.
The orc priest is severely wounded.
The adder hisses angrily.
The orc priest misses you. You furiously retaliate!
You headbutt the orc priest.
You kill the orc priest!
Lugonu accepts your kill.
Your Dodging skill increases to level 2!
You have reached level 5!
You barely miss the orc. The orc hits you but does no damage.
You sock the orc!
You kill the orc!
Lugonu accepts your kill.
You barely miss the orc.
The orc hits you with a +1 flail of distortion.
* * * LOW HITPOINT WARNING * * *
Space warps horribly around you!!
You die...

#..#.# #..#.# #..#.#
#).#.# #..#.# .
#..#.## ... #.....#
.....#########.#####
.....So@†..........#
......##############
..... .... ... .. .


You could see an adder and an orc.

Vanquished Creatures
  An orc priest (D:3)
  2 orc wizards (D:2)
  4 adders (D:2)
  An ooze (D:2)
  A dart slug (D:2)
  4 orcs
  2 ball pythons (D:1)
  3 bats
  4 giant cockroaches
  4 goblins
  3 hobgoblins
  A jackal (D:2)
  A quokka (D:3)
  A frilled lizard (D:2)
  4 kobolds
  A leopard gecko skeleton (D:3)
  4 rats (D:2)
41 creatures vanquished.

Notes
Turn   | Place    | Note
-------+----------+-------------------------------------------
     0 | Abyss:1  | Ivan the Minotaur Abyssal Knight began the quest for the
                  | Orb.
     0 | Abyss:1  | Reached XP level 1. HP: 19/19 MP: 1/1
    53 | Abyss:1  | Noticed a ynoxinul
    54 | D:1      | Escaped the Abyss
   191 | D:1      | Reached skill level 4 in Fighting
   226 | D:1      | Reached XP level 2. HP: 27/27 MP: 2/2
   954 | D:2      | Reached * piety under Lugonu
  1003 | D:2      | Reached XP level 3. HP: 10/34 MP: 3/3
  1263 | D:2      | Reached XP level 4. HP: 34/41 MP: 4/4
  1282 | D:2      | Reached skill level 5 in Fighting
  1933 | D:3      | Reached XP level 5. HP: 19/50 MP: 5/5
  1936 | D:3      | Mangled by an orc

Levels and vault maps discovered:
D:1:      minmay_arrival_checkered_box, layout_basic
D:2:      layout_loops_ring, first_ration, st_stairs_4
D:3:      layout_basic
Abyss:1

Skill      XL: |  1  2  3  4 |
---------------+-------------+-----
Fighting       | 4 5 |  5.7
Maces & Flails | 3 |  3.9
Armour         | 3 |  3.1
Dodging        | 2 |  2.0
Invocations    | |  1.9

Action                   |  1- 3 |  4- 6 || total
-------------------------+-------+-------++-------
Melee: Mace              |    43 |    56 ||    99
       Headbutt          |     5 |     9 ||    14
Invok: Depart the Abyss  |     1 |       ||     1
  Eat: Chunk             |       |     3 ||     3
Armor: Leather armour    |    12 |    17 ||    29
Dodge: Dodged            |    32 |    33 ||    65

Table legend:
 A = Non-vault XP
 B = Vault XP
 C = Vault XP percentage of total XP
 D = Non-vault monster count
 E = Vault monster count
 F = Vault count percentage of total count
                 A         B        C        D         E       F
            +---------+---------+-------+---------+---------+-------
      Total |     229 |       9 |   3.8 |      37 |       4 |   9.8
            +---------+---------+-------+---------+---------+-------
        D:1 |      16 |       0 |   0.0 |       9 |       0 |   0.0
        D:2 |     160 |       9 |   5.3 |      21 |       4 |  16.0
        D:3 |      53 |       0 |   0.0 |       7 |       0 |   0.0
            +---------+---------+-------+---------+---------+-------
